 Dungeon Crawl Stone Soup version 0.22-a0-322-g60b3cfd (webtiles) character file.

154 xccam the Cudgeler (level 5, -1/42 HPs)
             Began as a Demonspawn Chaos Knight on Apr 2, 2018.
             Slain by an orc
             ... wielding a +0 trident
              (8 damage)
             ... on level 3 of the Dungeon.
             The game lasted 00:03:06 (1240 turns).

xccam the Cudgeler (Demonspawn Chaos Knight)        Turns: 1240, Time: 00:03:07

Health: -1/42      AC:  5    Str: 13    XL:     5   Next: 13%
Magic:  5/5        EV: 11    Int: 16    God:    Xom [..*...]
Gold:   49         SH:  0    Dex: 12    Spells: 4/4 levels left

rFire    . . .     SeeInvis .   a - +0 mace (chaos)
rCold    . . .     Gourm    .   (no shield)
rNeg     . . .     Faith    .   b - +2 leather armour
rPois    .         Spirit   .   (helmet restricted)
rElec    .         Reflect  .   (no cloak)
rCorr    .         Harm     .   (no gloves)
MR       +....                  (no boots)
Stlth    +.........             (no amulet)
HPRegen  0.14/turn              e - ring of protection from magic
MPRegen  0.09/turn              (no ring)

@: no status effects
A: hooves 1, horns 1, clever 1, powered by death 2
a: Renounce Religion


You were on level 3 of the Dungeon.
You worshipped Xom.
You were a toy of Xom.
You were not hungry.

You visited 1 branch of the dungeon, and saw 3 of its levels.

You collected 49 gold pieces.

Inventory:

Hand Weapons
 a - a +0 mace of chaos (weapon)
Armour
 b - a +2 leather armour (worn)
 h - a +0 chain mail
 i - a +0 helmet of see invisible
Jewellery
 e - a ring of protection from magic (left hand)
 f - an uncursed ring of protection from magic
 l - a +2 ring of protection {unknown}
Scrolls
 d - 2 scrolls of teleportation {unknown}
 g - a scroll of enchant weapon {unknown}
 m - a scroll of random uselessness {unknown}
Miscellaneous
 k - a lightning rod (4/4)
Comestibles
 c - 3 rations


   Skills:
 + Level 3.7 Fighting
 + Level 4.0 Maces & Flails
 + Level 2.6 Armour
 + Level 1.5 Dodging
 + Level 0.9 Stealth


You had 4 spell levels left.
You didn't know any spells.

Dungeon Overview and Level Annotations

Branches:
Dungeon (3/15)

Altars:
Makhleb


Innate Abilities, Weirdness & Mutations

You have large cloven feet.
You regenerate health from kills.
You have a pair of small horns on your head.
Your mind is acute. (Int +2)


Message History

Your demonic ancestry asserts itself...
The wave of death grows in power.
Your crimson imp completely misses the orc.
The hobgoblin closely misses you.
You hit the hobgoblin but do no damage.
The hobgoblin appears confused.
You headbutt the hobgoblin.
The hobgoblin is moderately wounded.
The orc hits you from afar with a trident.
* * * LOW HITPOINT WARNING * * *
Your crimson imp hits the orc but does no damage.
Your shadow imp hits the orc.
Your crimson imp hits the orc.
Your white imp barely misses the orc.
The orc barely misses you.
You hit the hobgoblin. You burn the hobgoblin.
The hobgoblin is severely wounded.
The hobgoblin cries.
The hobgoblin barely misses you.
Your white imp barely misses the orc.
Your shadow imp hits the orc but does no damage.
Your crimson imp hits the orc but does no damage.
The orc hits you from afar with a trident!
You die...

#.### ##.
##...##...
#....!...$
##......... ###
#..........
....#..........
..%...5o.......
.....)55.%.....
.....##@g######
... #.## . ..#
...# ....#
...#.# .......
.....#.#


You could see an orc, a hobgoblin (confused), a friendly crimson imp, a friendly
white imp and a friendly shadow imp.

Vanquished Creatures
  Jessica (D:2)
  Terence (D:2)
  Robin (D:2)
  2 adders (D:2)
  A worm (D:2)
  A dart slug (D:1)
  2 orcs (D:3)
  4 bats
  3 giant cockroaches
  8 goblins
  9 hobgoblins
  A frilled lizard (D:1)
  2 kobolds
  3 rats
39 creatures vanquished.

Vanquished Creatures (collateral kills)
  2 orc wizards (D:3)
  A kobold (D:3)
  A rat (D:2)
4 creatures vanquished.

Vanquished Creatures (others)
  A hobgoblin (D:3)
1 creature vanquished.

Grand Total: 44 creatures vanquished

Notes
Turn   | Place    | Note
-------+----------+-------------------------------------------
     0 | D:1      | xccam the Demonspawn Chaos Knight began the quest for the Orb.
     0 | D:1      | Reached XP level 1. HP: 18/18 MP: 1/1
    26 | D:1      | XOM: smoke on damage
   109 | D:1      | XOM: potion effect (might)
   111 | D:1      | XOM: divination: magic mapping
   171 | D:1      | XOM: confusion (+ monsters)
   305 | D:1      | Gained mutation: You have large cloven feet. [demonic ancestry]
   305 | D:1      | Reached XP level 2. HP: 20/24 MP: 2/2
   372 | D:1      | Reached skill level 3 in Maces & Flails
   403 | D:1      | XOM: cloud trail
   487 | D:2      | Noticed Terence
   489 | D:2      | XOM: summons friendly iron imp
   493 | D:2      | Killed Terence
   493 | D:2      | Reached skill level 1 in Dodging
   493 | D:2      | Reached XP level 3. HP: 18/29 MP: 3/3
   820 | D:2      | XOM: god gift: chain mail {god gift}
   866 | D:2      | Noticed Robin
   869 | D:2      | Noticed Jessica
   886 | D:2      | Gained mutation: You regenerate a little health from kills. [demonic ancestry]
   886 | D:2      | Reached XP level 4. HP: 22/35 MP: 4/4
   892 | D:2      | Killed Robin
   896 | D:2      | Killed Jessica
   970 | D:2      | XOM: 2-stop teleportation journey
  1117 | D:2      | Found a burning altar of Makhleb.
  1117 | D:2      | Noticed a cacodemon
  1176 | D:2      | XOM: god gift: lightning rod (4/4)
  1222 | D:3      | XOM: enchant monster (good)
  1227 | D:3      | Gained mutation: Your mind is acute. (Int +2) [potion of mutation]
  1227 | D:3      | Gained mutation: You have a pair of small horns on your head. [potion of mutation]
  1228 | D:3      | XOM: summons 3 friendly demons
  1238 | D:3      | Reached skill level 4 in Maces & Flails
  1238 | D:3      | Gained mutation: You regenerate health from kills. [demonic ancestry]
  1238 | D:3      | Reached XP level 5. HP: 12/42 MP: 5/5
  1240 | D:3      | Slain by an orc

Vault maps used:
D:1:      zelgadis_glass_arrival_large
D:2:      makhleb_altar_promises_db, uniq_robin, uniq_terence, uniq_jessica
D:3:      kennysheep_the_goblin_king, first_ration, serial_corexii_hall,
          corexii_hall_statues_deadend, corexii_hall_statues_deadend,
          corexii_hall_statues_x, corexii_hall_statues_t,
          corexii_hall_statues_l, corexii_hall_statues_s

Skill      XL: |  1  2  3  4 |
---------------+-------------+-----
Armour         | 2 |  2.6
Maces & Flails | 3 4 |  4.0
Dodging        | 1 |  1.5
Fighting       | |  3.7
Stealth        | |  0.9

Action                   |  1- 3 |  4- 6 || total
-------------------------+-------+-------++-------
Melee: Mace              |    90 |    38 ||   128
       Kick              |     7 |     9 ||    16
       Headbutt          |       |     3 ||     3
  Use: Potion            |       |     1 ||     1
 Stab: Sleeping          |     1 |       ||     1
       Distracted        |     1 |       ||     1
       Paralysed         |     1 |       ||     1
  Eat: Chunk             |       |     1 ||     1
Armor: Leather armour    |    28 |    12 ||    40
Dodge: Dodged            |    64 |    26 ||    90

Table legend:
 A = Spawn XP
 B = Non-spawn XP
 C = Spawn XP percentage of total XP
 D = Spawn monster count
 E = Non-spawn monster count
 F = Spawn count percentage of total count
 G = Total turns spent on level
                    A         B        C        D         E        F      G
               +---------+---------+-------+---------+---------+-------+---------
         Total |       0 |     221 |   0.0 |       0 |      43 |   0.0 |  1240
               +---------+---------+-------+---------+---------+-------+---------
           D:1 |       0 |      18 |   0.0 |       0 |      11 |   0.0 |   474
           D:2 |       0 |     141 |   0.0 |       0 |      27 |   0.0 |   748
           D:3 |       0 |      62 |   0.0 |       0 |       5 |   0.0 |    18
               +---------+---------+-------+---------+---------+-------+---------
